 Dungeon Crawl Stone Soup version 0.29-a0-472-ge5599a681e (webtiles) character file.

Game seed: 9519635892819624553

3915 croobank the Covert (level 10, 0/81 HPs)
             Began as a Gnoll Delver on May 22, 2022.
             Was an Initiate of Gozag.
             Slain by Amaemon
             ... wielding a +2 demon whip of venom
              (10 damage)
             ... on level 8 of the Dungeon.
             The game lasted 00:30:43 (7997 turns).

croobank the Covert (Gnoll Delver)                  Turns: 7997, Time: 00:30:44

Health: 0/81       AC:  9    Str: 11    XL:     10   Next: 20%
Magic:  17/17      EV: 12    Int: 19    God:    Gozag
Gold:   209        SH:  0    Dex: 18    Spells: 12/19 levels left

rFire   . . .      SeeInvis .   f - +8 executioner's axe of Contradiction {spect, rPois Dex+3}
rCold   + . .      Faith    .   (shield currently unavailable)
rNeg    . . .      Spirit   .   k - +0 scale mail
rPois   +          Reflect  .   h - +0 helmet
rElec   .          Harm     .   (no cloak)
rCorr   .          Rampage  .   o - +0 pair of gloves
Will    .....      Rage     1%  (no boots)
Stlth   ++++......              (no amulet)
HPRegen 0.23/turn               m - +6 ring of intelligence
MPRegen 0.15/turn               (no ring)

@: gold aura
A: fangs 1, strong nose, distributed training, berserk 1, cold resistance 1,
poison resistance
a: Renounce Religion, Potion Petition, Call Merchant, Bribe Branch


You were on level 8 of the Dungeon.
You worshipped Gozag.
Gozag was aware of your devotion.
You visited 2 branches of the dungeon, and saw 9 of its levels.
You also visited: Ossuary.

You collected 440 gold pieces.
You spent 91 gold pieces at shops.
You paid 140 gold pieces to Gozag.

Inventory:

Hand Weapons
 b - a +0 hunting sling
 f - the +8 executioner's axe of Contradiction (weapon) {spect, rPois Dex+3}
   (You acquired it on level 2 of the Dungeon)

   When its wielder attacks, the weapon's spirit leaps out and strikes again.
   The spirit shares a part of any damage it takes with its wielder.
   Dex:       It affects your dexterity (+3).
   rPois:     It protects you from poison.
 z - a +2 vampiric dagger
 E - a +1 battleaxe of venom
 F - a +1 dire flail of venom
 G - a +2 trident of venom
 N - a +0 shortbow
Missiles
 e - 232 stones
 C - 4 throwing nets (quivered)
 H - 8 boomerangs
 O - 4 javelins
Armour
 h - a +0 helmet (worn)
 k - a +0 scale mail (worn)
 n - the +1 leather armour "Gonabrem" {-Tele rElec Int+4}
   (You found it on level 2 of the Dungeon)

   Int:       It affects your intelligence (+4).
   rElec:     It insulates you from electricity.
   -Tele:     It prevents most forms of teleportation.
 o - a +0 pair of gloves (worn)
 D - a +0 plate armour
 I - a +0 ring mail
 L - a +0 leather armour
 P - +0 steam dragon scales
 Q - a +0 kite shield
Magical Staves
 i - a staff of death
 v - a staff of fire
 J - a staff of poison
Jewellery
 m - a +6 ring of intelligence (left hand)
Wands
 g - a wand of digging (3)
 t - a wand of iceblast (26)
 K - a wand of paralysis (2)
Scrolls
 a - 3 scrolls of magic mapping
 c - 3 scrolls of fog
 l - 5 scrolls of teleportation
 p - 4 scrolls of poison
 q - a scroll of torment {unknown}
 s - a scroll of silence {unknown}
 u - 3 scrolls of summoning {unknown}
 B - a scroll of amnesia {unknown}
 M - a scroll of enchant weapon {unknown}
Potions
 d - 2 potions of magic
 j - 2 potions of attraction
 r - 2 potions of haste
 w - 7 potions of curing
 x - 2 potions of might
 A - a potion of cancellation
 R - a potion of flight
 S - 2 potions of degeneration


   Skills:
 + Level 8.3 Fighting
 + Level 5.0 Short Blades
 + Level 5.0 Long Blades
 + Level 6.9 Axes
 + Level 5.0 Maces & Flails
 + Level 5.0 Polearms
 + Level 5.0 Staves
 + Level 5.0 Slings
 + Level 5.0 Bows
 + Level 5.0 Crossbows
 + Level 5.0 Throwing
 + Level 5.0 Armour
 + Level 6.9 Dodging
 + Level 10.8 Stealth
 + Level 5.0 Shields
 + Level 5.0 Unarmed Combat
 + Level 5.0 Spellcasting
 + Level 4.1 Conjurations
 + Level 4.1 Hexes
 + Level 4.1 Summonings
 + Level 4.1 Necromancy
 + Level 4.1 Translocations
 + Level 4.1 Transmutations
 + Level 4.1 Fire Magic
 + Level 4.1 Ice Magic
 + Level 4.1 Air Magic
 + Level 4.1 Earth Magic
 + Level 4.1 Poison Magic
 + Level 5.5 Invocations
 + Level 5.0 Evocations


You had 12 spell levels left.
You knew the following spells:

 Your Spells              Type           Power      Damage    Failure   Level
a - Beastly Appendage     Tmut           40%        N/A       12%         1
b - Silence               Hex/Air        10%        N/A       97%         5
c - Apportation           Tloc           40%        N/A       12%         1

Your spell library contained the following spells:

 Spells                   Type           Power      Damage    Failure   Level
 Necrotize                Necr           80%        1d8       12%         1
 Wereblood                Tmut           20%        N/A       17%         2
 Dazzling Flash           Conj/Hex       40%        N/A       34%         3
 Spider Form              Tmut/Pois      20%        N/A       34%         3
 Vampiric Draining        Necr           20%        2d7       34%         3
 Passage of Golubria      Tloc           20%        N/A       75%         4
 Agony                    Necr           20%        N/A       97%         5
 Alistair's Intoxication  Tmut/Pois      13%        N/A       97%         5
 Lehudib's Crystal Spear  Conj/Erth      10%        10d4      100%        8


Dungeon Overview and Level Annotations

Branches:
Dungeon (8/15)             Temple (1/1) D:7         Ossuary (visited)
   Lair: D:8-11

Altars:
Ashenzari
Cheibriados
Dithmenos
Elyvilon
Fedhas
Gozag
Hepliaklqana
Kikubaaqudgha
Makhleb
Okawaru
Qazlal
Ru
Trog
Uskayaw
Vehumet
Wu Jian
Xom
Yredelemnul
Zin
The Shining One

Shops:
D:2 ?

Annotations:
D:8 Amaemon


Innate Abilities, Weirdness & Mutations

You have very sharp teeth.
Your uncanny sense of smell can sniff out nearby items.
Your experience applies equally to all skills.
You tend to lose your temper in combat.
Your flesh is cold resistant. (rC+)
Your system is resistant to poisons. (rPois)


Message History

Amaemon hits you but does no damage. Amaemon claws you. Amaemon tail-slaps you.
The orange demon stings you from afar! Amaemon closely misses you.
Amaemon completely misses you. Amaemon tail-slaps you.
You hit Amaemon. Your bite misses Amaemon.
Amaemon is moderately wounded.
Your +8 executioner's axe of Contradiction {spect, rPois Dex+3} barely misses Amaemon.
You feel sick. The orange demon stings you from afar.
Amaemon hits you but does no damage.
You are more poisoned.
Amaemon closely misses you. x2
You closely miss Amaemon. You bite Amaemon, but do no damage.
Amaemon is moderately wounded.
Your +8 executioner's axe of Contradiction {spect, rPois Dex+3} closely misses Amaemon.
You feel very sick. The orange demon closely misses you.
Amaemon hits you with a +2 demon whip of venom.
Amaemon claws you.
* * * LOW HITPOINT WARNING * * *
Amaemon tail-slaps you.
* * * LOW HITPOINT WARNING * * *
The orange demon completely misses you.
Amaemon casts a spell.
Send 'em back where they came from!
Your +8 executioner's axe of Contradiction {spect, rPois Dex+3} fades away.
Okay, then.
Okay, then.
Throw: 5 throwing nets
Press: ? - help, Q - select action, (/) - cycle Shift-Dir - straight line, f - Amaemon, p - orange demon
Aim: Amaemon, wielding a +2 demon whip of venom (moderately wounded, 61% to hit)
You throw a throwing net. The throwing net barely misses Amaemon.
You feel sick.
The orange demon stings you but does no damage.
Amaemon hits you with a +2 demon whip of venom!
* * * LOW HITPOINT WARNING * * *
Amaemon claws you but does no damage. Amaemon barely misses you.
You feel better.
The orange demon stings you but does no damage.
Amaemon hits you with a +2 demon whip of venom!
You die...
Your body crumbles into a pile of gold.

≈≈. ≈.. ### ... ..
#.#.. ##.#. ... #
#.# # #.##@##.#
#...$64>####
####.###.....
#.###.####
#####........#
...........##..
###.#####..#####.#
#.#####........#
#....##.########


You could see Amaemon and an orange demon.

Vanquished Creatures
  An ugly thing (D:7)
  Sigmund (D:5)
  A wraith (D:6)
  3 steam dragons
  Edmund (D:6)
  A water moccasin (D:6)
  3 ice beasts
  3 black bears
  An orc warrior (D:7)
  An ogre (D:7)
  A centaur (D:7)
  3 phantoms
  A kobold brigand (D:6)
  2 bullfrogs
  4 necrophages
  A scorpion (D:4)
  3 howler monkeys (D:8)
  8 orc priests
  2 gnoll shamans (D:7)
  5 hounds
  4 iguanas
  4 orc wizards
  A hound zombie (Ossuary)
  15 gnolls
  6 adders
  3 white imps
  An adder zombie (Ossuary)
  A worm (D:5)
  A dart slug (D:3)
  30 orcs
  6 endoplasms
  4 giant cockroaches
  4 goblins
  7 hobgoblins
  9 jackals
  4 kobolds
  7 quokkas
  9 ball pythons
  5 bats
  3 frilled lizards
  A jackal zombie (Ossuary)
  10 rats
181 creatures vanquished.

Vanquished Creatures (others)
  3 plants (D:3)
3 creatures vanquished.

Grand Total: 184 creatures vanquished

Notes
Turn   | Place    | Note
-------+----------+-------------------------------------------
     0 | D:5      | Reached skill level 9 in Stealth
     0 | D:5      | croobank the Gnoll Delver began the quest for the Orb.
     0 | D:5      | Reached XP level 1. HP: 23/23 MP: 1/1
    34 | D:5      | Found a stormy altar of Qazlal.
   163 | D:4      | Noticed an orc wizard
   176 | D:4      | Found a sand-covered staircase.
   182 | Ossuary  | Entered an ossuary
   215 | Ossuary  | Reached XP level 2. HP: 21/29 MP: 2/2
   216 | Ossuary  | Gained mutation: Your magical capacity is low. (-10% MP)
                  | [potion of mutation]
   216 | Ossuary  | Gained mutation: Your spells are a little easier to cast,
                  | but a little less powerful. [potion of mutation]
   216 | Ossuary  | Gained mutation: You have supernaturally acute eyesight.
                  | (SInv) [potion of mutation]
   247 | D:4      | Noticed a phantom
   251 | D:4      | Noticed a scorpion
   692 | D:3      | Reached XP level 3. HP: 35/35 MP: 3/3
   714 | D:3      | Lost mutation: You have supernaturally acute eyesight.
                  | (SInv) [potion of mutation]
   714 | D:3      | Lost mutation: Your magical capacity is low. (-10% MP)
                  | [potion of mutation]
   714 | D:3      | Gained mutation: You possess an exceptional clarity of
                  | mind. [potion of mutation]
   714 | D:3      | Gained mutation: Armour fits poorly on your strangely
                  | shaped body. [potion of mutation]
   714 | D:3      | Lost mutation: You possess an exceptional clarity of mind.
                  | [potion of mutation]
   836 | D:3      | Reached skill level 1 in Invocations
  1086 | D:3      | Reached skill level 1 in Short Blades
  1086 | D:3      | Reached skill level 1 in Long Blades
  1086 | D:3      | Reached skill level 1 in Maces & Flails
  1086 | D:3      | Reached skill level 1 in Polearms
  1086 | D:3      | Reached skill level 1 in Staves
  1086 | D:3      | Reached skill level 1 in Slings
  1086 | D:3      | Reached skill level 1 in Bows
  1086 | D:3      | Reached skill level 1 in Crossbows
  1086 | D:3      | Reached skill level 1 in Throwing
  1086 | D:3      | Reached skill level 1 in Armour
  1086 | D:3      | Reached skill level 1 in Shields
  1086 | D:3      | Reached skill level 1 in Unarmed Combat
  1086 | D:3      | Reached skill level 1 in Spellcasting
  1086 | D:3      | Reached skill level 1 in Evocations
  1086 | D:3      | Reached XP level 4. HP: 41/41 MP: 5/5
  1090 | D:3      | You fall into a shaft and drop 2 floors!
  1132 | D:4      | Noticed an ice beast
  1268 | D:2      | Identified the +1 leather armour "Gonabrem" {-Tele rElec
                  | Int+4}
  1307 | D:2      | Learned a level 1 spell: Beastly Appendage
  1326 | D:2      | Reached skill level 1 in Conjurations
  1326 | D:2      | Reached skill level 1 in Hexes
  1326 | D:2      | Reached skill level 1 in Summonings
  1326 | D:2      | Reached skill level 1 in Necromancy
  1326 | D:2      | Reached skill level 1 in Translocations
  1326 | D:2      | Reached skill level 1 in Transmutations
  1326 | D:2      | Reached skill level 1 in Fire Magic
  1326 | D:2      | Reached skill level 1 in Ice Magic
  1326 | D:2      | Reached skill level 1 in Air Magic
  1326 | D:2      | Reached skill level 1 in Earth Magic
  1326 | D:2      | Reached skill level 1 in Poison Magic
  1326 | D:2      | Identified a scroll of acquirement
  1326 | D:2      | Acquired the +8 executioner's axe of Contradiction {spect,
                  | rPois Dex+3}
  1329 | D:2      | Reached XP level 5. HP: 5/47 MP: 4/6
  1716 | D:2      | Lost mutation: Armour fits poorly on your strangely shaped
                  | body. [potion of mutation]
  1716 | D:2      | Lost mutation: Your spells are a little easier to cast, but
                  | a little less powerful. [potion of mutation]
  1716 | D:2      | Gained mutation: You sometimes lose the ability to read
                  | scrolls when taking damage. [potion of mutation]
  1716 | D:2      | Gained mutation: You are somewhat resistant to further
                  | mutation. [potion of mutation]
  1717 | D:2      | Lost mutation: You are somewhat resistant to further
                  | mutation. [potion of mutation]
  1717 | D:2      | Lost mutation: You sometimes lose the ability to read
                  | scrolls when taking damage. [potion of mutation]
  1717 | D:2      | Gained mutation: Your system is resistant to poisons.
                  | (rPois) [potion of mutation]
  1717 | D:2      | Gained mutation: Your flesh is cold resistant. (rC+)
                  | [potion of mutation]
  1717 | D:2      | Gained mutation: You tend to lose your temper in combat.
                  | [potion of mutation]
  1860 | D:2      | Found Kariply's Magic Scroll Emporium.
  1876 | D:2      | Bought a scroll of poison for 49 gold pieces
  1876 | D:2      | Bought a scroll of teleportation for 42 gold pieces
  2065 | D:2      | Learned a level 5 spell: Silence
  2355 | D:1      | Noticed an eye of devastation
  2358 | D:1      | Found a faded altar of an unknown god.
  2360 | D:1      | Noticed an eye of devastation
  2360 | D:1      | Noticed an eye of devastation
  2360 | D:1      | Noticed a shining eye
  3609 | D:4      | Reached XP level 6. HP: 46/53 MP: 8/8
  3610 | D:4      | Killed an ice beast
  3611 | D:4      | Reached skill level 5 in Axes
  3611 | D:4      | Reached skill level 5 in Dodging
  3716 | D:4      | Found a broken altar of Ashenzari.
  3874 | D:4      | Reached XP level 7. HP: 59/59 MP: 10/10
  4359 | D:5      | Reached skill level 10 in Stealth
  4413 | D:5      | Noticed Sigmund
  4419 | D:5      | Killed Sigmund
  4420 | D:5      | Reached XP level 8. HP: 67/67 MP: 10/12
  4972 | D:5      | Found a white marble altar of Elyvilon.
  5326 | D:6      | Noticed Edmund
  5386 | D:6      | Killed Edmund
  5395 | D:6      | Noticed a wraith
  5397 | D:6      | Killed a wraith
  5398 | D:6      | Reached XP level 9. HP: 67/73 MP: 14/14
  5592 | D:6      | Found a blossoming altar of Fedhas.
  5796 | D:6      | Found a hide-covered altar of Uskayaw.
  6459 | D:7      | Noticed a purple ugly thing
  6464 | D:7      | Reached skill level 5 in Invocations
  6466 | D:7      | Killed a purple ugly thing
  6467 | D:7      | Reached XP level 10. HP: 46/80 MP: 15/17
  6883 | D:7      | Learned a level 1 spell: Apportation
  7200 | D:7      | Found a bloodstained altar of Trog.
  7222 | D:7      | Found a staircase to the Ecumenical Temple.
  7232 | D:7      | Reached skill level 5 in Short Blades
  7232 | D:7      | Reached skill level 5 in Long Blades
  7232 | D:7      | Reached skill level 5 in Maces & Flails
  7232 | D:7      | Reached skill level 5 in Polearms
  7232 | D:7      | Reached skill level 5 in Staves
  7232 | D:7      | Reached skill level 5 in Slings
  7232 | D:7      | Reached skill level 5 in Bows
  7232 | D:7      | Reached skill level 5 in Crossbows
  7232 | D:7      | Reached skill level 5 in Throwing
  7232 | D:7      | Reached skill level 5 in Armour
  7232 | D:7      | Reached skill level 5 in Shields
  7232 | D:7      | Reached skill level 5 in Unarmed Combat
  7232 | D:7      | Reached skill level 5 in Spellcasting
  7232 | D:7      | Reached skill level 5 in Evocations
  7236 | Temple   | Entered the Ecumenical Temple
  7455 | Temple   | Became a worshipper of Gozag Ym Sagoz the Greedy
  7977 | D:8      | Noticed an orange demon
  7980 | D:8      | Noticed Amaemon
  7997 | D:8      | Slain by Amaemon

Illustrated notes

Levels and vault maps discovered:
D:1:      ncdulo_wetmaze, layout_basic, hellmonk_ecumenical_altar_watching_god
D:2:      layout_loops_cross, serial_shops, nicolae_shop_window_shopping
D:3:      cheibrodos_old_hovel, layout_loops_corners
D:4:      layout_basic, kennysheep_little_box, enter_ossuary_5,
          minmay_hedge_maze, kennysheep_generic_room_9
D:5:      nicolae_BIG_FREAKIN_CUBE, layout_basic, grunt_qazlal_clouds,
          minmay_ruined_shrine, uniq_sigmund
D:6:      layout_loops_ring, mainiacjoe_overflow_small_starburst,
          mainiacjoe_overflow_catwalk, lemuel_flame_loot_1, uniq_edmund
D:7:      layout_basic, lemuel_crystal_altar, minmay_temple_entry_glassed_door
D:8:      layout_loops_cross, lemuel_crystal_altar, serial_shops,
          nicolae_shop_waterfront, kennysheep_donut, uniq_maurice, uniq_amaemon,
          uniq_pikel
Temple:   regret_index_temple_generic_petals

Skill      XL: |  1  2  3  4  5  6  7  8  9 10 |
---------------+-------------------------------+-----
Stealth        | 10 | 10.8
Invocations    | 1 2 3 4 5 |  5.5
Short Blades   | 1 2 3 4 5 |  5.0
Long Blades    | 1 2 3 4 5 |  5.0
Maces & Flails | 1 2 3 4 5 |  5.0
Polearms       | 1 2 3 4 5 |  5.0
Staves         | 1 2 3 4 5 |  5.0
Slings         | 1 2 3 4 5 |  5.0
Bows           | 1 2 3 4 5 |  5.0
Crossbows      | 1 2 3 4 5 |  5.0
Throwing       | 1 2 3 4 5 |  5.0
Armour         | 1 2 3 4 5 |  5.0
Shields        | 1 2 3 4 5 |  5.0
Unarmed Combat | 1 2 3 4 5 |  5.0
Spellcasting   | 1 2 3 4 5 |  5.0
Evocations     | 1 2 3 4 5 |  5.0
Conjurations   | 1 2 3 4 |  4.1
Hexes          | 1 2 3 4 |  4.1
Summonings     | 1 2 3 4 |  4.1
Necromancy     | 1 2 3 4 |  4.1
Translocations | 1 2 3 4 |  4.1
Transmutations | 1 2 3 4 |  4.1
Fire Magic     | 1 2 3 4 |  4.1
Ice Magic      | 1 2 3 4 |  4.1
Air Magic      | 1 2 3 4 |  4.1
Earth Magic    | 1 2 3 4 |  4.1
Poison Magic   | 1 2 3 4 |  4.1
Axes           | 5 6 |  6.9
Dodging        | 5 6 |  6.9
Fighting       | 7 8 |  8.3

Action                   |  1- 3 |  4- 6 |  7- 9 | 10-12 || total
-------------------------+-------+-------+-------+-------++-------
Melee: Hand axe          |    85 |    23 |       |       ||   108
       Bite              |     6 |     6 |    10 |     7 ||    29
       Punch             |     1 |     1 |       |       ||     2
       Kick              |       |     2 |       |       ||     2
       Headbutt          |       |     2 |       |       ||     2
       Executioner's axe |       |    67 |    86 |    26 ||   179
Throw: Throwing net      |       |       |       |     1 ||     1
 Cast: Beastly Appendage |       |     1 |       |     1 ||     2
       Apportation       |       |       |       |     6 ||     6
Evoke: Wand              |       |       |       |     1 ||     1
  Use: Scroll            |     5 |     3 |       |     4 ||    12
       Potion            |     5 |     2 |       |     1 ||     8
 Stab: Invisible         |     4 |       |       |       ||     4
       Sleeping          |     1 |    18 |     6 |       ||    25
       Distracted        |       |     2 |       |       ||     2
Armor: Scale mail        |    32 |    23 |    32 |    17 ||   104
Dodge: Dodged            |    55 |    29 |    48 |    28 ||   160

Table legend: (Time is in decaauts)
 A = Elapsed time spent in this place.
 B = Non-inter-level travel time spent in this place.
 C = Inter-level travel time spent in this place.
 D = Time resting spent in this place.
 E = Time spent auto-exploring this place.
 F = Levels seen in this place.
 G = Mean time per level.
                   A        B        C        D        E       F      G
               +--------+--------+--------+--------+--------+-----+--------+
         Total |   8150 |   7517 |    633 |    891 |   4728 |  10 |  815.0 |
       Dungeon |   7822 |   7225 |    597 |    891 |   4503 |   8 |  977.8 |
        Temple |    276 |    240 |     36 |      0 |    225 |   1 |  276.0 |
       Ossuary |     51 |     51 |      0 |      0 |      0 |   1 |   51.0 |
               +--------+--------+--------+--------+--------+-----+--------+

Top non-repeatable levels by time:
     D:7: 1260 daAuts
     D:3: 1249 daAuts
     D:5: 1151 daAuts
     D:6: 1107 daAuts
     D:1: 1061 daAuts
     D:2: 1000 daAuts
     D:4: 935 daAuts
  Temple: 276 daAuts
     D:8: 56 daAuts
 Ossuary: 51 daAuts
